 Dungeon Crawl Stone Soup version 0.27-a0-577-ge2a43ba0c9 (webtiles) character file.

Game seed: 3121319677289600194

10122 Azunone the Protected (level 11, -1/84 HPs)
             Began as a Gnoll Wanderer on Mar 9, 2021.
             Slain by a komodo dragon (17 damage)
             ... on level 10 of the Dungeon.
             The game lasted 00:42:44 (13128 turns).

Azunone the Protected (Gnoll Wanderer)             Turns: 13128, Time: 00:42:45

Health: -1/84      AC: 23    Str: 12    XL:     11   Next: 57%
Magic:  0/20       EV:  8    Int: 13    God:
Gold:   662        SH:  0    Dex: 13    Spells: 22/22 levels left

rFire    . . .     SeeInvis .   U - +3 long sword
rCold    . . .     Faith    .   (no shield)
rNeg     + + .     Spirit   +   S - +4 chain mail
rPois    .         Reflect  .   C - +2 helmet
rElec    .         Harm     .   (no cloak)
rCorr    .         Rampage  .   K - +1 pair of gloves
Will     .....                  (no boots)
Stlth    ..........             f - amulet of guardian spirit
HPRegen  0.24/turn              h - ring of positive energy
MPRegen  0.17/turn              p - ring of positive energy

@: no status effects
A: fangs 1, strong nose, distributed training
a: no special abilities


You were on level 10 of the Dungeon.
You visited 2 branches of the dungeon, and saw 11 of its levels.

You collected 662 gold pieces.

Inventory:

Hand Weapons
 r - a +2 flail of draining
 s - a +1 long sword of freezing
 u - a +1 whip of holy wrath
 z - a +0 whip of venom
 N - a +0 whip of flaming
 Q - a +1 scimitar of flaming
 U - a +3 long sword (weapon)
Missiles
 c - 21 poisoned darts (quivered)
Armour
 d - a +2 scale mail
 g - a +0 kite shield
 A - a +2 ring mail of cold resistance
 C - a +2 helmet (worn)
 K - a +1 pair of gloves (worn)
 R - +0 steam dragon scales
 S - a +4 chain mail (worn)
Magical Staves
 O - a staff of earth
Jewellery
 f - an amulet of guardian spirit (around neck)
 h - a ring of positive energy (left hand)
 p - a ring of positive energy (right hand)
 E - a ring of ice
Wands
 i - a wand of mindburst (16)
 G - a wand of paralysis (8)
 H - a wand of flame (3)
 J - a wand of polymorph (3)
Scrolls
 a - 3 scrolls of magic mapping {unknown}
 j - a scroll of fear {unknown}
 m - 3 scrolls of enchant weapon {unknown}
 v - a scroll of noise {unknown}
 w - a scroll of enchant armour {unknown}
 x - 4 scrolls of teleportation
 y - a scroll of random uselessness {unknown}
 F - a scroll of immolation {unknown}
 P - a scroll of brand weapon {unknown}
Potions
 b - a potion of curing
 e - 2 potions of invisibility {unknown}
 k - a potion of resistance
 l - 2 potions of haste
 n - 2 potions of brilliance
 o - 3 potions of heal wounds {unknown}
 q - 3 potions of flight
 t - a potion of ambrosia {unknown}
 B - a potion of degeneration {unknown}
 D - a potion of might {unknown}
 I - 3 potions of lignification
 L - 2 potions of mutation {unknown}
 M - a potion of berserk rage
Miscellaneous
 T - a tin of tremorstones (2/2)


   Skills:
 + Level 7.0 Fighting
 + Level 6.4 Short Blades
 + Level 6.4 Long Blades
 + Level 6.4 Axes
 + Level 7.0 Maces & Flails
 + Level 6.4 Polearms
 + Level 6.4 Staves
 + Level 6.4 Slings
 + Level 6.4 Bows
 + Level 6.4 Crossbows
 + Level 7.0 Throwing
 + Level 13.3 Armour
 + Level 6.4 Dodging
 + Level 6.4 Stealth
 + Level 7.0 Shields
 + Level 6.4 Unarmed Combat
 + Level 6.4 Spellcasting
 + Level 5.3 Conjurations
 + Level 5.3 Hexes
 + Level 5.3 Summonings
 + Level 5.3 Necromancy
 + Level 5.3 Translocations
 + Level 5.3 Transmutations
 + Level 5.3 Fire Magic
 + Level 5.3 Ice Magic
 + Level 5.3 Air Magic
 + Level 5.3 Earth Magic
 + Level 5.3 Poison Magic
 + Level 7.0 Invocations
 + Level 6.4 Evocations


You had 22 spell levels left.
You didn't know any spells.
Your spell library contained the following spells:

 Spells                   Type           Power      Damage    Failure   Level
 Magic Dart               Conj           72%        1d6       28%         1
 Blink                    Tloc           N/A        N/A       38%         2
 Call Imp                 Summ           18%        N/A       38%         2
 Searing Ray              Conj           36%        3d4       38%         2
 Slow                     Hex            18%        N/A       38%         2
 Conjure Flame            Conj/Fire      18%        6-21      63%         3
 Dazzling Flash           Conj/Hex       36%        N/A       63%         3
 Mephitic Cloud           Conj/Pois/Air  18%        N/A       63%         3
 Fulminant Prism          Conj/Hex       9%         3d7       95%         4
 Iskenderun's Mystic Bla  Conj/Tloc      18%        2d6       95%         4


Dungeon Overview and Level Annotations

Branches:
Dungeon (10/15)            Temple (1/1) D:5            Lair (0/6) D:9
    Orc: D:9-12

Altars:
Ashenzari
Cheibriados
Elyvilon
Fedhas
Makhleb
Nemelex Xobeh
Okawaru
Qazlal
Trog
Vehumet
Xom
Yredelemnul

Shops:
D:6 *   D:7 :   D:9 (

Annotations:
D:7 1 runed translucent door
D:8 cos za drzewami


Innate Abilities, Weirdness & Mutations

You have very sharp teeth.
Your uncanny sense of smell can sniff out nearby items.
Your experience applies equally to all skills.


Message History

The komodo dragon is heavily wounded.
Something hits you.
The komodo dragon bites you but does no damage. x2
You slash the komodo dragon!
The komodo dragon is severely wounded.
Something hits you but does no damage. The komodo dragon barely misses you.
You barely miss the komodo dragon.
You bite the komodo dragon, but do no damage.
The komodo dragon is severely wounded.
Something hits you but does no damage. The komodo dragon bites you!
* * * LOW HITPOINT WARNING * * *
You hit the komodo dragon.
You bite the komodo dragon, but do no damage.
The komodo dragon is severely wounded.
Something hits you but does no damage.
The komodo dragon bites you but does no damage.
You barely miss the komodo dragon.
You bite the komodo dragon, but do no damage.
The komodo dragon is severely wounded.
Something hits you but does no damage.
The komodo dragon bites you but does no damage.
Something hits you but does no damage.
You hit the komodo dragon. Your bite misses the komodo dragon.
The komodo dragon is severely wounded.
Something hits you but does no damage.
The komodo dragon bites you but does no damage.
You slash the komodo dragon!
The komodo dragon is almost dead.
Something hits you but does no damage.
The komodo dragon bites you but does no damage.
You barely miss the komodo dragon.
The komodo dragon is almost dead.
Something hits you.
* * * LOW HITPOINT WARNING * * *
The komodo dragon bites you!
* * * LOW HITPOINT WARNING * * *
You hit the komodo dragon.
The komodo dragon is almost dead.
Something hits you but does no damage. The komodo dragon bites you!!
You die...

.........#......#...#
...................##
#.................##
#...............###
.............[...##
..................#
..........#.......###
...#......##........#
.###.##...##....@l.##
...#..# ........#.#
....... ∆#..........#
#.##... #............
..# . ..............
..## ................
...# (..............#
#......
##..[...........
#......


You could see a komodo dragon.

Vanquished Creatures
  Erica (D:9)
  A two-headed ogre (D:9)
  Pikel (D:8)
  A centaur zombie (D:10)
  A gargoyle (D:10)
  A komodo dragon (D:9)
  Grinder (D:6)
  A wraith (D:9)
  14 yaks
  A steam dragon (D:9)
  Edmund (D:5)
  Duvessa (D:6)
  3 orc warriors
  6 sky beasts
  A black bear (D:9)
  An ice beast (D:6)
  An eye of draining (D:9)
  3 ogres
  5 centaurs
  A lemure (D:8)
  2 phantoms
  A kobold brigand (D:8)
  4 bullfrogs
  Dowan (D:6)
  4 scorpions
  10 killer bees
  2 howler monkeys (D:7)
  5 wights
  A crimson imp (D:6)
  7 hounds
  4 human zombies (D:9)
  A gnoll shaman (D:7)
  A bullfrog zombie (D:5)
  A centaur skeleton (D:10)
  5 orc priests
  2 bullfrog skeletons
  4 jellies
  An iron imp (D:5)
  Jessica (D:3)
  4 iguanas
  2 human skeletons (D:9)
  4 orc wizards
  Natasha (thrice) (D:4)
  2 worker ants
  A killer bee zombie (D:10)
  2 ogre zombies (D:9)
  2 hound skeletons
  A mummy (D:9)
  3 gnolls (D:7)
  5 adders
  A shadow imp (D:7)
  A white imp (D:10)
  An ufetubus (D:5)
  2 oozes
  2 adder zombies
  2 adder skeletons
  A worm (D:2)
  A dart slug (D:1)
  10 leopard geckos
  31 orcs
  A ball python (D:3)
  6 giant cockroaches
  2 gnoll zombies (D:2)
  11 goblins
  5 hobgoblins
  15 jackals
  10 kobolds
  2 quokkas
  A ball python skeleton (D:5)
  8 bats
  2 frilled lizards
  3 jackal skeletons
  A leopard gecko skeleton (D:4)
  3 rats
254 creatures vanquished.

Vanquished Creatures (others)
  8 plants (D:9)
8 creatures vanquished.

Grand Total: 262 creatures vanquished

Notes
Turn   | Place    | Note
-------+----------+-------------------------------------------
     0 | D:1      | Reached skill level 12 in Armour
     0 | D:1      | Azunone the Gnoll Wanderer began the quest for the Orb.
     0 | D:1      | Azunone set off with the following items: a +0 dagger, a
                  | potion of curing, 9 poisoned darts, a +2 scale mail
     0 | D:1      | Reached XP level 1. HP: 17/17 MP: 1/1
   497 | D:1      | Reached XP level 2. HP: 22/23 MP: 2/2
  1056 | D:1      | Found an iron altar of Okawaru.
  1158 | D:2      | Reached XP level 3. HP: 23/28 MP: 3/3
  1396 | D:2      | Found a basalt altar of Yredelemnul.
  1487 | D:2      | Reached skill level 1 in Invocations
  2035 | D:2      | Found a bloodstained altar of Trog.
  2305 | D:3      | Reached skill level 1 in Short Blades
  2305 | D:3      | Reached skill level 1 in Long Blades
  2305 | D:3      | Reached skill level 1 in Axes
  2305 | D:3      | Reached skill level 1 in Polearms
  2305 | D:3      | Reached skill level 1 in Staves
  2305 | D:3      | Reached skill level 1 in Slings
  2305 | D:3      | Reached skill level 1 in Bows
  2305 | D:3      | Reached skill level 1 in Crossbows
  2305 | D:3      | Reached skill level 1 in Dodging
  2305 | D:3      | Reached skill level 1 in Stealth
  2305 | D:3      | Reached skill level 1 in Unarmed Combat
  2305 | D:3      | Reached skill level 1 in Spellcasting
  2305 | D:3      | Reached skill level 1 in Evocations
  2345 | D:3      | Noticed Jessica
  2354 | D:3      | Killed Jessica
  2355 | D:3      | Reached XP level 4. HP: 27/34 MP: 3/5
  2531 | D:3      | Reached skill level 1 in Conjurations
  2531 | D:3      | Reached skill level 1 in Hexes
  2531 | D:3      | Reached skill level 1 in Summonings
  2531 | D:3      | Reached skill level 1 in Necromancy
  2531 | D:3      | Reached skill level 1 in Translocations
  2531 | D:3      | Reached skill level 1 in Transmutations
  2531 | D:3      | Reached skill level 1 in Fire Magic
  2531 | D:3      | Reached skill level 1 in Ice Magic
  2531 | D:3      | Reached skill level 1 in Air Magic
  2531 | D:3      | Reached skill level 1 in Earth Magic
  2531 | D:3      | Reached skill level 1 in Poison Magic
  2750 | D:3      | Found a shimmering altar of Xom.
  3017 | D:4      | Reached XP level 5. HP: 29/40 MP: 3/7
  3557 | D:4      | Reached XP level 6. HP: 38/47 MP: 6/8
  3808 | D:4      | Noticed Natasha
  3817 | D:4      | Killed Natasha
  3933 | D:4      | Noticed Natasha
  3940 | D:4      | Killed Natasha
  4208 | D:4      | Noticed Natasha
  4219 | D:4      | Killed Natasha
  4241 | D:5      | Entered Level 5 of the Dungeon
  4249 | D:5      | Reached XP level 7. HP: 46/52 MP: 8/10
  4518 | D:5      | Found a staircase to the Ecumenical Temple.
  4526 | Temple   | Entered the Ecumenical Temple
  4725 | D:5      | Noticed Edmund
  4747 | D:5      | Killed Edmund
  5123 | D:5      | Found a snail-covered altar of Cheibriados.
  5317 | D:5      | Found a broken altar of Ashenzari.
  5317 | D:5      | Found a white marble altar of Elyvilon.
  5484 | D:6      | Reached XP level 8. HP: 48/60 MP: 8/12
  5676 | D:6      | Found Diecofec's Assorted Antiques.
  5929 | D:6      | Noticed Duvessa
  5940 | D:6      | Killed Duvessa
  5952 | D:6      | Noticed Dowan
  5959 | D:6      | Killed Dowan
  5987 | D:6      | Noticed Grinder
  5993 | D:6      | Paralysed by Grinder for 4 turns
  6011 | D:6      | Paralysed by Grinder for 4 turns
  6024 | D:6      | Paralysed by Grinder for 4 turns
  6032 | D:6      | Paralysed by Grinder for 7 turns
  6048 | D:6      | Paralysed by Grinder for 4 turns
  6052 | D:6      | Killed Grinder
  6441 | D:6      | Found a burning altar of Makhleb.
  6860 | D:7      | Reached XP level 9. HP: 65/66 MP: 14/14
  7310 | D:7      | Reached skill level 5 in Fighting
  7310 | D:7      | Reached skill level 5 in Maces & Flails
  7310 | D:7      | Reached skill level 5 in Throwing
  7310 | D:7      | Reached skill level 5 in Shields
  7716 | D:7      | Noticed a sixfirhy
  7720 | D:7      | Found a runed translucent door.
  7913 | D:7      | Found Tocralut's Book Boutique.
  8104 | D:8      | Noticed Pikel
  8131 | D:8      | Killed Pikel
  8132 | D:8      | Reached skill level 5 in Invocations
  8339 | D:8      | Reached XP level 10. HP: 74/74 MP: 17/17
  8688 | D:8      | Reached skill level 5 in Short Blades
  8688 | D:8      | Reached skill level 5 in Long Blades
  8688 | D:8      | Reached skill level 5 in Axes
  8688 | D:8      | Reached skill level 5 in Polearms
  8688 | D:8      | Reached skill level 5 in Staves
  8688 | D:8      | Reached skill level 5 in Slings
  8688 | D:8      | Reached skill level 5 in Bows
  8688 | D:8      | Reached skill level 5 in Crossbows
  8688 | D:8      | Reached skill level 5 in Dodging
  8688 | D:8      | Reached skill level 5 in Stealth
  8688 | D:8      | Reached skill level 5 in Unarmed Combat
  8688 | D:8      | Reached skill level 5 in Spellcasting
  8688 | D:8      | Reached skill level 5 in Evocations
  9704 | D:9      | Noticed Erica
  9729 | D:9      | Killed Erica
  9885 | D:9      | Reached skill level 13 in Armour
 10612 | D:9      | Found Coguhuar's Weapon Shoppe.
 10720 | D:9      | Found a staircase to the Lair.
 10982 | D:9      | Noticed a two-headed ogre
 11001 | D:9      | Reached XP level 11. HP: 76/83 MP: 17/19
 11007 | D:9      | Killed a two-headed ogre
 11018 | D:9      | Reached skill level 5 in Conjurations
 11018 | D:9      | Reached skill level 5 in Hexes
 11018 | D:9      | Reached skill level 5 in Summonings
 11018 | D:9      | Reached skill level 5 in Necromancy
 11018 | D:9      | Reached skill level 5 in Translocations
 11018 | D:9      | Reached skill level 5 in Transmutations
 11018 | D:9      | Reached skill level 5 in Fire Magic
 11018 | D:9      | Reached skill level 5 in Ice Magic
 11018 | D:9      | Reached skill level 5 in Air Magic
 11018 | D:9      | Reached skill level 5 in Earth Magic
 11018 | D:9      | Reached skill level 5 in Poison Magic
 11333 | D:9      | Found a basalt altar of Yredelemnul.
 11635 | D:10     | Entered Level 10 of the Dungeon
 13128 | D:10     | Slain by a komodo dragon

Illustrated notes

Levels and vault maps discovered:
D:1:      amcnicky_arrival_feature_with_door, layout_basic,
          okawaru_ov_weapons_minmay
D:2:      layout_loops_ring, lightli_temple_of_fire,
          lemuel_zombie_altar_yredelemnul, chequers_serial_rivers_micro_e
D:3:      layout_basic, general_overflow_altar, st_stairs_7, uniq_jessica
D:4:      layout_loops_ring, minmay_cupped, uniq_natasha
D:5:      layout_loops_ring, slow_altar_2, gammafunk_temple_overflow_elements,
          minmay_temple_entry_mist, uniq_edmund
D:6:      layout_cave_pools, makhleb_grotto_becter, serial_shops,
          nicolae_shop_waterfront, hangedman_glass_teeth, uniq_grinder,
          uniq_duvessa
D:7:      cheibrodos_shockbox, layout_loops_ring, serial_shops,
          nicolae_shop_waterfront
D:8:      layout_cave_pools, serial_column_ruins, column_ruins_hut_ruined,
          column_ruins_open_medium, column_ruins_open_tiny, column_ruins_grid_4,
          column_ruins_columns_corner, nrook_campfire, minmay_misc_feat_roman,
          minmay_misc_feat_secret_circle, chequers_decorated_corner, uniq_pikel
D:9:      layout_basic, david_lair_shrubbed, serial_shops, shop,
          lemuel_mausoleum_altar_yredelemnul, uniq_erica
D:10:     layout_cave_pools, uniq_nergalle
Temple:   zaba_magenta_temple

Skill      XL: |  1  2  3  4  5  6  7  8  9 10 11 |
---------------+----------------------------------+-----
Armour         | 13 | 13.3
Invocations    | 1 2 3 4 5 6 7 |  7.0
Short Blades   | 1 2 3 4 5 6 |  6.4
Long Blades    | 1 2 3 4 5 6 |  6.4
Axes           | 1 2 3 4 5 6 |  6.4
Polearms       | 1 2 3 4 5 6 |  6.4
Staves         | 1 2 3 4 5 6 |  6.4
Slings         | 1 2 3 4 5 6 |  6.4
Bows           | 1 2 3 4 5 6 |  6.4
Crossbows      | 1 2 3 4 5 6 |  6.4
Dodging        | 1 2 3 4 5 6 |  6.4
Stealth        | 1 2 3 4 5 6 |  6.4
Unarmed Combat | 1 2 3 4 5 6 |  6.4
Spellcasting   | 1 2 3 4 5 6 |  6.4
Evocations     | 1 2 3 4 5 6 |  6.4
Conjurations   | 1 2 3 4 5 |  5.3
Hexes          | 1 2 3 4 5 |  5.3
Summonings     | 1 2 3 4 5 |  5.3
Necromancy     | 1 2 3 4 5 |  5.3
Translocations | 1 2 3 4 5 |  5.3
Transmutations | 1 2 3 4 5 |  5.3
Fire Magic     | 1 2 3 4 5 |  5.3
Ice Magic      | 1 2 3 4 5 |  5.3
Air Magic      | 1 2 3 4 5 |  5.3
Earth Magic    | 1 2 3 4 5 |  5.3
Poison Magic   | 1 2 3 4 5 |  5.3
Fighting       | 3 4 5 6 7 |  7.0
Maces & Flails | 3 4 5 6 7 |  7.0
Throwing       | 3 4 5 6 7 |  7.0
Shields        | 3 4 5 6 7 |  7.0

Action                   |  1- 3 |  4- 6 |  7- 9 | 10-12 || total
-------------------------+-------+-------+-------+-------++-------
Melee: Dagger            |    32 |       |       |       ||    32
       Club              |    91 |       |       |       ||    91
       Bite              |    14 |    14 |    47 |    93 ||   168
       Mace              |    85 |    22 |       |       ||   107
       Punch             |     1 |       |     1 |    11 ||    13
       Whip              |       |   122 |   245 |   173 ||   540
       Flail             |       |       |   232 |       ||   232
       Scimitar          |       |       |       |   412 ||   412
       Long sword        |       |       |       |    42 ||    42
Throw: Dart              |       |    13 |    21 |    31 ||    65
Evoke: Wand              |       |       |     5 |     3 ||     8
  Use: Scroll            |       |       |     4 |     6 ||    10
       Potion            |       |       |     1 |     4 ||     5
 Stab: Sleeping          |       |       |     2 |     1 ||     3
       Paralysed         |       |       |       |     5 ||     5
Armor: Scale mail        |   159 |    44 |       |       ||   203
       Ring mail         |       |    30 |   294 |   103 ||   427
       Steam dragon scal |       |       |       |    28 ||    28
       Chain mail        |       |       |       |   284 ||   284
Dodge: Dodged            |   132 |    82 |   271 |   242 ||   727
Block: Kite shield       |       |       |    60 |    72 ||   132
       Rpst.: Scimitar   |       |       |       |    49 ||    49
       Long sword        |       |       |       |     2 ||     2

Table legend: (Time is in decaauts)
 A = Elapsed time spent in this place.
 B = Non-inter-level travel time spent in this place.
 C = Inter-level travel time spent in this place.
 D = Time resting spent in this place.
 E = Time spent auto-exploring this place.
 F = Levels seen in this place.
 G = Mean time per level.
                   A        B        C        D        E       F      G
               +--------+--------+--------+--------+--------+-----+--------+
         Total |  13222 |  12831 |    391 |    837 |   9247 |  11 | 1202.0 |
       Dungeon |  13220 |  12829 |    391 |    837 |   9247 |  10 | 1322.0 |
        Temple |      1 |      1 |      0 |      0 |      0 |   1 |    1.0 |
               +--------+--------+--------+--------+--------+-----+--------+

Top non-repeatable levels by time:
     D:9: 2798 daAuts
     D:8: 1511 daAuts
     D:6: 1375 daAuts
     D:7: 1345 daAuts
     D:4: 1255 daAuts
     D:5: 1178 daAuts
     D:1: 1125 daAuts
     D:2: 1106 daAuts
     D:3: 788 daAuts
    D:10: 735 daAuts
  Temple: 1 daAuts
